 Dungeon Crawl Stone Soup version 0.30.1-9-gdf580d7c3d (webtiles) character file.

Game seed: 5469167067320431277

270 lonewolfV2 the Poker (level 6, -5/49 HPs)
             Began as a Merfolk Cinder Acolyte on Oct 23, 2023.
             Was a Priest of Ignis.
             Slain by an ice beast (18 damage)
             ... on level 5 of the Dungeon.
             The game lasted 00:07:36 (3430 turns).

lonewolfV2 the Poker (Merfolk Cinder Acolyte)       Turns: 3430, Time: 00:07:36

Health: -5/49      AC:  5    Str: 17    XL:     6   Next: 22%
Magic:  10/10      EV: 11    Int: 13    God:    Ignis [***...]
Gold:   182        SH:  0    Dex:  9    Spells: 10/10 levels left

rFire   + + +        u - +8 hand axe "Ozelyfe" {pain, rF+}
rCold   x . .        (no shield)
rNeg    . . .        b - +0 robe
rPois   .            (no helmet)
rElec   .            (no cloak)
rCorr   .            (no gloves)
SInv    .            f - +2 pair of boots
Will    +....        (no amulet)
Stlth   +            d - ring of willpower
HPRegen 0.28/turn    p - ring of fire
MPRegen 0.12/turn

%: no passive effects
@: no status effects
A: (nimble swimmer 2), mertail
a: Renounce Religion, Fiery Armour, Foxfire Swarm, Rising Flame


You were on level 5 of the Dungeon.
You worshipped Ignis.
Ignis was most pleased with you.
You visited 1 branch of the dungeon, and saw 6 of its levels.

You collected 182 gold pieces.

Inventory:

Hand Weapons
 a - a +0 spear of flaming
 u - the +8 hand axe "Ozelyfe" (weapon) {pain, rF+}
   (You found it on level 5 of the Dungeon)

   rF:        It protects you from fire.
Armour
 b - a +0 robe (worn)
 f - a +2 pair of boots (worn)
 k - a +0 plate armour
 n - a +1 scale mail
Jewellery
 d - a ring of willpower (left hand)
 p - a ring of fire (right hand)
Scrolls
 e - a scroll of enchant weapon
 g - 2 scrolls of immolation
 i - 2 scrolls of noise
 l - a scroll of blinking
 m - a scroll of enchant armour
 q - 2 scrolls of identify
 s - 3 scrolls of fog {unknown}
Potions
 c - 2 potions of cancellation
 h - a potion of lignification {unknown}
 j - 2 potions of heal wounds {unknown}
 o - a potion of might {unknown}
 r - a potion of ambrosia {unknown}
 t - a potion of degeneration {unknown}


   Skills:
 - Level 4.6 Fighting
 * Level 0.1(2.0) Axes
 - Level 5.6 Polearms
 + Level 2.8 Spellcasting
 + Level 3.1 Fire Magic


You had 10 spell levels left.
You didn't know any spells.
Your spell library contained the following spells:

 Spells                   Type           Power      Damage    Failure   Level
 Scorch                   Fire           30%        2d6       10%         2
 Summon Small Mammal      Summ           4%         N/A       24%         1
 Call Canine Familiar     Summ           1%         N/A       56%         3
 Summon Guardian Golem    Hex/Summ       1%         N/A       56%         3


Dungeon Overview and Level Annotations

Branches:
Dungeon (6/15)
 Temple: D:4-7

Altars:
Cheibriados

Shops:
D:5 *


Innate Abilities, Weirdness & Mutations

((You are very nimble when in or above water. (Stealth+, EV+, Speed+++)))
Your lower body shifts to a powerful aquatic tail in water.


Message History

Found Kizi's Assorted Antiques.
Could not explore, unopened door.
You open the door.
There is an open door here.
There is an entrance to Kizi's Assorted Antiques here.
Could not explore, unopened door.
Could not explore, unopened door.
You open the door.
There is an open door here.
There is an open door here.
There is an entrance to Kizi's Assorted Antiques here.
There is an open door here.
An ice beast comes into view.
An ice beast is nearby!
An ice beast is nearby!
The ice beast barely misses you.
You hit the ice beast.
The ice beast is lightly wounded.
The ice beast barely misses you.
The ice beast hits you but does no damage.
You barely miss the ice beast.
The ice beast is lightly wounded.
The ice beast hits you. The ice beast freezes you!
You feel a terrible chill!
You hit the ice beast.
The ice beast is moderately wounded.
The ice beast hits you but does no damage.
You hit the ice beast but do no damage.
The ice beast is moderately wounded.
The ice beast barely misses you.
You hit the ice beast.
The ice beast is heavily wounded.
The ice beast hits you but does no damage.
You slash the ice beast!
The ice beast is severely wounded.
The ice beast hits you. The ice beast freezes you!
You feel a terrible chill!
* * * LOW HITPOINT WARNING * * *
The ice beast hits you.
* * * LOW HITPOINT WARNING * * *
The ice beast freezes you!!
You feel a terrible chill!
You die...

### ..# #.# #.#
###.#######
#....@Y...#
#.#.####.## # #.# #.#
#.# ##############.#
...............####.
....................#
#....################


You could see an ice beast.

Vanquished Creatures
  A scorpion (D:6)
  An orc priest (D:4)
  An orc wizard (D:6)
  4 adders
  3 gnolls (D:4)
  A white imp (D:5)
  An ufetubus (D:5)
  A worm (D:2)
  2 dart slugs (D:3)
  14 orcs
  3 bats
  4 endoplasms (D:2)
  A giant cockroach (D:2)
  3 goblins
  8 hobgoblins
  3 quokkas
  3 ball pythons
  3 frilled lizards
  3 kobolds
  3 rats (D:2)
63 creatures vanquished.

Vanquished Creatures (others)
  9 foxfires (D:3)
9 creatures vanquished.

Grand Total: 72 creatures vanquished

Notes
Turn   | Place    | Note
-------+----------+-------------------------------------------
     0 | D:1      | lonewolfV2 the Merfolk Cinder Acolyte began the quest for
                  | the Orb.
     0 | D:1      | Reached XP level 1. HP: 18/18 MP: 2/2
   541 | D:1      | Found a faded altar of an unknown god.
   944 | D:2      | Reached XP level 2. HP: 16/24 MP: 4/4
  1460 | D:2      | Reached XP level 3. HP: 29/29 MP: 5/5
  2019 | D:3      | Reached XP level 4. HP: 37/37 MP: 6/6
  2517 | D:4      | Reached skill level 5 in Polearms
  2517 | D:4      | Reached XP level 5. HP: 36/42 MP: 8/8
  2682 | D:4      | You fall into a shaft and drop 2 floors!
  2706 | D:6      | Reached XP level 6. HP: 38/49 MP: 8/10
  2858 | D:6      | Noticed an orc warrior
  2873 | D:5      | Entered Level 5 of the Dungeon
  3220 | D:5      | Found a snail-covered altar of Cheibriados.
  3265 | D:5      | Identified the +8 hand axe "Ozelyfe" {pain, rF+}
  3379 | D:5      | Found Kizi's Assorted Antiques.
  3422 | D:5      | Noticed an ice beast
  3430 | D:5      | Slain by an ice beast

Illustrated notes

Levels and vault maps discovered:
D:1:      dpeg_arrival_rooms_a, layout_basic,
          dreamdust_ecumenical_altar_angels_and_demons,
          amcnicky_mini_rare_corridor_liquid
D:2:      layout_rooms, serial_forest, infiniplex_forest_end_1,
          infiniplex_forest_clump_long, infiniplex_forest_split,
          infiniplex_forest_lined_room_3, nicolae_concentric_dashed_squares_mild
D:3:      layout_rooms, ebering_dispersal_statue_hall, nicolae_titane
D:4:      layout_cave_pools, enter_ossuary_3, gammafunk_ghost_smash,
          minmay_misc_feat_enclosed
D:5:      lemuel_ratsnest, layout_basic, mainiacjoe_overflow_chevrons,
          serial_shops, nicolae_shop_hallway_plus
D:6:      due_chaos_kobolds, layout_basic, minmay_temple_entry_proselytizer,
          serial_shops, shop_statue, chequers_serial_rivers_micro_c,
          hangedman_decor_opposing, minmay_crystal_room, minivault_24

Skill      XL: |  1  2  3  4  5 |
---------------+----------------+-----
Spellcasting   | 2 |  2.8
Fighting       | 4 |  4.6
Polearms       | 5 |  5.6
Fire Magic     | 3 |  3.1
Axes           | |  0.1

Action                     |  1- 3 |  4- 6 || total
---------------------------+-------+-------++-------
  Melee: Spear             |    92 |    70 ||   162
         Punch             |       |     1 ||     1
         Hand axe          |       |    13 ||    13
 Invoke: Fiery Armour      |     2 |     3 ||     5
         Foxfire Swarm     |       |     1 ||     1
    Use: Scroll            |     9 |     3 ||    12
         Potion            |       |     2 ||     2
 Armour: Robe              |    38 |    49 ||    87
         Scale mail        |     5 |       ||     5
         Plate armour      |       |    18 ||    18
  Dodge: Dodged            |    64 |    76 ||   140
